 Dungeon Crawl Stone Soup version 0.31-a0-981-geadf994542 (webtiles) character file.

Game seed: 7043812001164222407

32 omnomnOMINOUS the Sneak (level 3, 0/23 HPs)
             Began as an Octopode Wanderer on Nov 1, 2023.
             Was a Follower of Cheibriados.
             Slain by a gnoll
             ... wielding a +0 club
              (8 damage)
             ... on level 2 of the Dungeon.
             The game lasted 00:02:41 (652 turns).

omnomnOMINOUS the Sneak (Octopode Wanderer)          Turns: 652, Time: 00:02:42

Health: 0/23       AC:  1    Str: 11    XL:     3   Next: 25%
Magic:  4/4        EV: 13    Int: 18    God:    Cheibriados [*.....]
Gold:   120        SH:  0    Dex: 18    Spells: 4/4 levels left

rFire   . . .        a - +4 dagger
rCold   . . .        (no shield)
rNeg    . . .        e - +0 hat
rPois   .            (no amulet)
rElec   .            (no ring)
rCorr   .            (no ring)
SInv    .            (no ring)
Will    .....        (no ring)
Stlth   ++++         (no ring)
HPRegen 0.23/turn    (no ring)
MPRegen 0.09/turn    (no ring)
                     (no ring)

%: no passive effects
@: about to teleport, very slow
A: almost no armour, amphibious, 8 rings, camouflage 1, gelatinous body 1,
(nimble swimmer 1), tentacles
a: Renounce Religion, Bend Time


You were on level 2 of the Dungeon.
You worshipped Cheibriados.
Cheibriados was aware of your devotion.
You visited 1 branch of the dungeon, and saw 2 of its levels.

You collected 120 gold pieces.

Inventory:

Hand Weapons
 a - a +4 dagger (weapon)
 h - a +0 falchion
Missiles
 b - an atropa-tipped dart (quivered)
 c - a datura-tipped dart
Armour
 e - a +0 hat (worn)
Scrolls
 g - a scroll of teleportation
 i - a scroll of fear {unknown}
 j - a scroll of amnesia {unknown}
Potions
 d - 6 potions of degeneration {unknown}
 f - a potion of heal wounds
 k - a potion of might {unknown}


   Skills:
 + Level 1.5 Fighting
 + Level 0.6(2.1) Short Blades
 - Level 3.1(3.2) Long Blades
 + Level 1.5 Dodging
 + Level 5.5 Stealth
 + Level 1.0 Spellcasting
 - Level 1.1 Evocations


You had 4 spell levels left.
You didn't know any spells.
Your spell library contained the following spells:

 Spells                   Type           Power      Damage    Failure   Level
 Call Canine Familiar     Summ           0%         N/A       52%         3
 Sigil of Binding         Hex            0%         N/A       52%         3
 Dimensional Bullseye     Hex/Tloc       0%         N/A       89%         4
 Leda's Liquefaction      Hex/Erth       0%         N/A       89%         4


Dungeon Overview and Level Annotations

Branches:
Dungeon (2/15)

Altars:
Cheibriados

Annotations:
D:2 Terence


Innate Abilities, Weirdness & Mutations

You cannot wear most types of armour.
You are amphibious.
You can wear up to eight rings at the same time.
Your skin changes colour to match your surroundings (Stealth+).
Your rubbery body absorbs attacks. (AC +1, EV +1)
((You are camouflaged when in or above water. (Stealth+)))
You have tentacles for arms and can constrict up to eight enemies at once.


Message History

Found a stone staircase leading down.
A worm comes into view.
A worm is nearby!
Found a puce potion.
A quokka comes into view.
The quokka moves out of view.
Found 3 stones.
You hit the quokka.
You kill the quokka!
Cheibriados thoroughly appreciates the change of pace.
The helpless worm fails to defend itself.
You spit the worm like a pig!!!
You kill the worm!
Your Spellcasting skill increases to level 1!
No target in view!
No target in view!
You now have 120 gold pieces (gained 11).
A rat comes into view.
A rat is nearby!
A rat is nearby!
A rat is nearby! 2 gnolls come into view.
A gnoll is wielding a +0 spear.
Terence and a gnoll come into view.
Terence is wielding a +0 hand axe of venom.
Terence shouts!
The gnoll shouts! x3
The gnoll throws a throwing net.
The throwing net hits you.
You become entangled in the net!
You see here a throwing net.
You struggle against the net.
You tear a large gash into the net.
The gnoll hits you with a +0 club.
You struggle against the net.
You shred the net and break free! Terence barely misses you.
The gnoll attacks as it pursues you! The gnoll barely misses you.
Terence misses you.
The gnoll hits you from afar with a +0 spear.
As you read the scroll labelled MAWEIH UMIP, it crumbles to dust.
You feel strangely unstable.
It was a scroll of teleportation.
The gnoll hits you with a +0 club! Terence barely misses you.
The gnoll hits you with a +0 club!
You die...

#..<....#..#....##
............#####..####.##
............+ #..####.##
............# #.......##
............# .#.........
............# #.#.....####
............# #.#.###.# #
........g..!###.#...#.#
.......r@@..........#.#
......$gg.............####
..........................
.................>....####
........(.........###.#
.............†.....##.#
............###....+...
############# #....###..
###### #.


You could see Terence, 3 gnolls and a rat.

Vanquished Creatures
  2 worms (D:2)
  2 dart slugs (D:1)
  2 endoplasms
  A hobgoblin (D:1)
  4 jackals (D:1)
  2 kobolds (D:1)
  A quokka (D:2)
  3 bats (D:1)
  A frilled lizard (D:1)
  A goblin (D:1)
  3 rats
22 creatures vanquished.

Notes
Turn   | Place    | Note
-------+----------+-------------------------------------------
     0 | D:1      | omnomnOMINOUS the Octopode Wanderer began the quest for the
                  | Orb.
     0 | D:1      | omnomnOMINOUS set off with the following items: a +0
                  | dagger, an atropa-tipped dart, a datura-tipped dart, a +0
                  | falchion, a +0 hat, a potion of heal wounds.
     0 | D:1      | Reached XP level 1. HP: 13/13 MP: 1/1
    81 | D:1      | Reached XP level 2. HP: 13/18 MP: 2/2
   187 | D:1      | Found a faded altar of an unknown god.
   194 | D:1      | Prayed at the altar of an unknown god.
   194 | D:1      | Became a worshipper of Cheibriados the Contemplative
   194 | D:1      | Reached * piety under Cheibriados
   552 | D:2      | Reached XP level 3. HP: 15/23 MP: 4/4
   634 | D:2      | Reached skill level 1 in Spellcasting
   643 | D:2      | Noticed Terence
   652 | D:2      | Slain by a gnoll

Illustrated notes

Levels and vault maps discovered:
D:1:      minmay_arrival_hallway, layout_basic, shapermc_ecumenical_altar_venn
D:2:      kb_forest_paths, layout_basic, minmay_tromino_i4, uniq_terence

Skill      XL: |  1  2  3 |
---------------+----------+-----
Spellcasting   | 1 |  1.0
Fighting       | |  1.5
Short Blades   | |  0.6
Long Blades    | |  3.1
Dodging        | |  1.5
Stealth        | |  5.5
Evocations     | |  1.1

Action                     || total
---------------------------++-------
  Melee: Falchion          ||    15
         Constrict         ||     9
         Tentacles         ||     5
         Dagger            ||    30
         Punch             ||     1
    Use: Scroll            ||     1
   Stab: Sleeping          ||     2
 Armour: Skin              ||    28
  Dodge: Dodged            ||    35

Table legend: (Time is in decaauts)
 A = Elapsed time spent in this place.
 B = Non-inter-level travel time spent in this place.
 C = Inter-level travel time spent in this place.
 D = Time resting spent in this place.
 E = Time spent auto-exploring this place.
 F = Levels seen in this place.
 G = Mean time per level.
                   A        B        C        D        E       F      G
               +--------+--------+--------+--------+--------+-----+--------+
         Total |    781 |    746 |     35 |     26 |    555 |   2 |  390.5 |
       Dungeon |    781 |    746 |     35 |     26 |    555 |   2 |  390.5 |
               +--------+--------+--------+--------+--------+-----+--------+

Top non-repeatable levels by time:
     D:1: 652 daAuts
     D:2: 129 daAuts
